 Dungeon Crawl Stone Soup version 0.30.1-3-gfc49f6343a (webtiles) character file.

Game seed: 13191504331416730343

130566 yinzer the Slayer (level 16, 0/173 HPs)
             Began as a Minotaur Berserker on July 25, 2023.
             Was the Champion of Trog.
             Killed from afar by a shock serpent (30 damage)
             ... with a bolt of electricity
             ... on level 4 of the Snake Pit on July 26, 2023.
             The game lasted 02:23:51 (28410 turns).

yinzer the Slayer (Minotaur Berserker)             Turns: 28410, Time: 02:23:52

Health: 0/173      AC: 27    Str: 27    XL:     16   Next: 53%
Magic:  15/15      EV: 10    Int:  4    God:    Trog [******]
Gold:   633        SH: 12    Dex: 11    Spells: 15/15 levels left

rFire   . . .        T - +1 hand axe (flame)
rCold   . . .        K - +3 kite shield {reflect}
rNeg    . . .        g - +8 chain mail {ponderous}
rPois   +            k - +2 hat
rElec   .            I - +0 cloak
rCorr   +            y - +1 pair of gloves
SInv    +            v - +0 pair of boots
Will    +....        B - amulet of regeneration Stlth
                     n - ring of resist corrosion
HPRegen 1.28/turn    l - ring "Hocigeygih" {Fly rPois Dex-2 SInv}
MPRegen 0.14/turn

%: reflection
@: flying, studying Axes, slow
A: horns 2, retaliatory headbutt
a: Renounce Religion, Berserk, Trog's Hand, Brothers in Arms


You were on level 4 of the Snake Pit.
You worshipped Trog.
Trog was exalted by your worship.
You visited 4 branches of the dungeon, and saw 23 of its levels.

You collected 2364 gold pieces.
You spent 1731 gold pieces at shops.

Inventory:

Hand Weapons
 t - a +3 hand axe
 w - a +0 war axe of freezing
 T - a +1 hand axe of flaming (weapon)
 V - a +5 antimagic battleaxe
Missiles
 b - 4 throwing nets (quivered)
 A - 3 silver javelins
 E - 5 datura-tipped darts
Armour
 g - a +8 chain mail of ponderousness (worn)
 k - a +2 hat (worn)
 v - a +0 pair of boots (worn)
 y - a +1 pair of gloves (worn)
 I - a +0 cloak (worn)
 K - a +3 kite shield of reflection (worn)
 M - a +1 tower shield of cold resistance
 S - a +2 scale mail of fire resistance
Jewellery
 l - the ring "Hocigeygih" (right hand) {Fly rPois Dex-2 SInv}
   (You acquired it on level 4 of the Snake Pit)

   [ring of see invisible]

   Dex:       It affects your dexterity (-2).
   rPois:     It protects you from poison.
   SInv:      It lets you see invisible.
   Fly:       It grants you flight.
 n - a ring of resist corrosion (left hand)
 u - a ring of flight
 B - an amulet of regeneration (around neck)
 F - a ring of protection from cold
 N - an amulet of the acrobat
 Q - a ring of poison resistance
Wands
 c - a wand of paralysis (2)
 q - a wand of digging (4)
 G - a wand of roots (13)
 H - a wand of mindburst (6)
 L - a wand of polymorph (9)
 R - a wand of flame (30)
 U - a wand of light (8)
Scrolls
 a - 2 scrolls of immolation
 e - a scroll of brand weapon
 h - 2 scrolls of enchant weapon
 i - 2 scrolls of fog
 m - 2 scrolls of magic mapping
 o - 3 scrolls of enchant armour
 r - 5 scrolls of poison
 X - 3 scrolls of teleportation
Potions
 f - a potion of brilliance
 j - 3 potions of might
 p - 9 potions of curing
 s - 4 potions of flight
 x - a potion of lignification
 z - a potion of berserk rage
 C - 2 potions of heal wounds
 D - 2 potions of haste
 J - 3 potions of cancellation
 P - 4 potions of ambrosia
 Y - 2 potions of mutation


   Skills:
 * Level 23.6 Fighting
 + Level 22.7 Axes
 - Level 6.1 Throwing
 - Level 11.0 Armour
 - Level 6.0 Dodging
 - Level 7.0 Shields
 - Level 6.1 Evocations


You had 15 spell levels left.
You didn't know any spells.
Your spell library was empty.

Dungeon Overview and Level Annotations

Branches:
Dungeon (12/15)            Temple (0/1) D:6            Lair (5/5) D:11
  Swamp (0/4) Lair:2        Snake (4/4) Lair:2        Slime (0/5) Lair:4
    Orc (2/2) D:12            Elf (0/3) Orc:2

Altars:
Ashenzari
Makhleb
Okawaru

Shops:
D:1 =   D:2 (   D:8 *   Orc:2 ?[!!   Snake:1 ?   Snake:4 :=?!(

Annotations:
D:5 Sigmund


Innate Abilities, Weirdness & Mutations

You have a pair of horns on your head.
You reflexively headbutt those who attack you in melee.


Message History

You block the black mamba's attack. x2
You closely miss the black mamba. The black mamba barely misses you.
You furiously retaliate!
You headbutt the black mamba, but do no damage.
You block the black mamba's attack.
You hit the shock serpent but do no damage.
You headbutt the shock serpent, but do no damage.
The shock serpent is severely wounded.
You hit the black mamba. You burn the black mamba.
You block the shock serpent's attack.
The black mamba bites you but does no damage.
The naga mage hits you from afar with a +0 spear.
You hit the shock serpent. You burn the shock serpent.
The shock serpent is severely wounded.
You slash the black mamba! You burn the black mamba.
You block the shock serpent's attack. The black mamba barely misses you.
You furiously retaliate!
You headbutt the black mamba.
The naga mage hits you from afar with a +0 spear.
Okay, then.
Your iron troll goes berserk!
You block the black mamba's attack.
The shock serpent bites you but does no damage.
The black mamba bites you but does no damage.
The shock serpent shoots out a bolt of lightning at you!
The bolt of electricity hits you!!
* * * LOW HITPOINT WARNING * * *
The bolt of electricity misses you.
The bolt of electricity hits the shock serpent.
The shock serpent completely resists.
You hit the shock serpent. You burn the shock serpent.
The shock serpent is almost dead.
You hit the black mamba. You burn the black mamba.
The shock serpent's electric aura discharges, shocking you!
* * * LOW HITPOINT WARNING * * *
You block the black mamba's attack.
The shock serpent shoots out a bolt of lightning at you!
The bolt of electricity hits you!
* * * LOW HITPOINT WARNING * * *
The bolt of electricity hits you!!
You die...

.....#...# ###)## #.##.#...#
####N# .[##.....#### #..).#
............# ##S####
.)..........# ###..#
∩....##.....###.N.##
.)...####......N###
.........###...S######
...............S@#...#
#####.....#......#...#
#.#...##...T.#...# .
...#...##........###### ...
#........####.....##...###.....
#...##....# ##....[[÷<.[..#
#...####.... ##...##÷..##.#
##### #... #...###### .. #...
##### ...


You could see a salamander, a shock serpent (ally target), a black mamba and a
friendly iron troll (summoned, berserk).

Vanquished Creatures
  Gastronok (D:11)
  3 nagarajas
  Aizul (Snake:2)
  Azrael (Orc:1)
  Josephine (Orc:2)
  10 hydras
  13 anacondas
  3 boulder beetles (D:11)
  3 two-headed ogres
  A centaur warrior (Orc:2)
  9 naga warriors
  10 death yaks
  11 shock serpents
  9 naga sharpshooters
  Nergalle (D:11)
  2 skysharks (Lair:4)
  A salamander mystic (Snake:4)
  6 naga ritualists
  3 sea snakes (Snake:2)
  10 mana vipers
  A deep elf pyromancer (D:11)
  2 orc sorcerers (Orc:1)
  Pikel (D:7)
  4 orc knights
  A manticore (D:12)
  2 salamanders
  12 elephants
  Joseph (D:8)
  A guardian serpent (Snake:4)
  45 black mambas
  A torpor snail (Lair:4)
  11 cane toads
  8 naga magi
  Psyche (D:8)
  A rime drake (Lair:5)
  10 komodo dragons
  6 trolls
  A tengu conjurer (D:11)
  8 blink frogs
  5 hornets (Lair:5)
  9 polar bears
  5 dream sheep (Lair:5)
  7 wyverns
  A vampire (D:10)
  7 wraiths
  53 yaks
  12 spriggans (Lair:5)
  A golden eye (Lair:2)
  2 basilisks
  6 vampire mosquitoes
  4 wargs
  An acid dragon (D:9)
  22 water moccasins
  31 nagas
  4 hell hounds
  3 ice beasts
  32 orc warriors
  3 black bears
  A tengu (D:11)
  47 wolves
  9 boggarts
  5 ogres
  20 centaurs
  3 lemures (D:7)
  2 phantoms
  A kobold brigand (D:11)
  3 scorpions
  11 bullfrogs
  3 gnoll sergeants
  9 wights (D:9)
  17 killer bees
  4 howler monkeys
  3 electric eels
  5 jellies
  4 hounds
  10 orc priests
  A sleepcap (D:6)
  An iguana (D:5)
  16 orc wizards
  16 gnolls
  8 adders
  3 shadow imps (D:4)
  2 white imps
  4 ufetubi
  A worm (D:4)
  6 dart slugs
  66 orcs
  8 endoplasms
  2 giant cockroaches
  7 goblins
  8 hobgoblins
  4 jackals (D:1)
  19 kobolds
  3 quokkas
  6 ball pythons
  6 bats
  5 frilled lizards
  2 quokka zombies (D:6)
  8 rats
783 creatures vanquished.

Vanquished Creatures (collateral kills)
  A salamander mystic (Snake:3)
  2 salamanders (Snake:3)
3 creatures vanquished.

Vanquished Creatures (others)
  A black mamba (Snake:2)
1 creature vanquished.

Grand Total: 787 creatures vanquished

Notes
Turn   | Place    | Note
-------+----------+-------------------------------------------
     0 | D:1      | yinzer the Minotaur Berserker began the quest for the Orb.
     0 | D:1      | Reached XP level 1. HP: 19/19 MP: 0/0
   150 | D:1      | Reached XP level 2. HP: 27/27 MP: 1/1
   296 | D:1      | Reached skill level 4 in Fighting
   302 | D:1      | Found a faded altar of an unknown god.
   464 | D:1      | Reached XP level 3. HP: 33/33 MP: 2/2
   526 | D:1      | Found Rucaor's Jewellery Emporium.
   627 | D:1      | Reached ** piety under Trog
  1454 | D:2      | Found Besurad's Weapon Shoppe.
  1473 | D:2      | Reached XP level 4. HP: 37/41 MP: 3/3
  2042 | D:3      | Reached skill level 5 in Fighting
  2590 | D:3      | Reached XP level 5. HP: 39/48 MP: 4/4
  3002 | D:4      | Reached *** piety under Trog
  3062 | D:4      | Reached skill level 5 in Axes
  3320 | D:4      | Reached skill level 6 in Fighting
  3320 | D:4      | Reached XP level 6. HP: 54/57 MP: 5/5
  3562 | D:4      | Reached skill level 7 in Fighting
  3562 | D:4      | Reached XP level 7. HP: 47/66 MP: 6/6
  3882 | D:5      | Entered Level 5 of the Dungeon
  4027 | D:5      | Reached skill level 1 in Shields
  4092 | D:5      | Reached **** piety under Trog
  4247 | D:5      | Reached skill level 5 in Armour
  4273 | D:5      | Reached XP level 8. HP: 38/74 MP: 7/7
  4311 | D:5      | Noticed Sigmund
  4585 | D:5      | Found an iron altar of Okawaru.
  4689 | D:6      | Reached skill level 8 in Fighting
  4902 | D:6      | Found a staircase to the Ecumenical Temple.
  5094 | D:6      | Found a sand-covered staircase.
  5615 | D:7      | Noticed Pikel
  5840 | D:7      | Killed Pikel
  5841 | D:7      | Reached skill level 5 in Shields
  5906 | D:7      | Reached skill level 9 in Fighting
  5906 | D:7      | Reached XP level 9. HP: 83/83 MP: 8/8
  6156 | D:7      | Reached ***** piety under Trog
  6468 | D:7      | Found a burning altar of Makhleb.
  6927 | D:7      | Found a broken altar of Ashenzari.
  7151 | D:8      | Noticed Psyche
  7366 | D:9      | Received a gift from Trog
  7380 | D:9      | Reached skill level 10 in Fighting
  7637 | D:9      | Reached XP level 10. HP: 91/93 MP: 9/9
  7947 | D:9      | Reached skill level 10 in Axes
  7959 | D:9      | Reached skill level 11 in Fighting
  8300 | D:10     | Entered Level 10 of the Dungeon
  8587 | D:10     | Noticed a two-headed ogre
  8603 | D:10     | Killed a two-headed ogre
  8604 | D:10     | Reached skill level 12 in Fighting
  9059 | D:10     | Noticed a two-headed ogre
  9078 | D:10     | Killed a two-headed ogre
  9079 | D:10     | Reached XP level 11. HP: 70/105 MP: 10/10
  9324 | D:8      | Found Cumuhi Tasuh's Overcharged Wands.
  9420 | D:8      | Noticed Joseph
  9438 | D:8      | Killed Joseph
  9788 | D:11     | Reached skill level 13 in Fighting
  9851 | D:11     | Noticed a deep elf pyromancer
  9851 | D:11     | Noticed a boulder beetle
  9922 | D:11     | Noticed Gastronok
  9945 | D:11     | Killed Gastronok
 10170 | D:11     | Received a gift from Trog
 10183 | D:11     | Reached skill level 1 in Throwing
 10264 | D:11     | Noticed Nergalle
 10275 | D:11     | Noticed a spectral orc warlord
 10282 | D:11     | Killed Nergalle
 10314 | D:11     | Reached skill level 14 in Fighting
 10420 | D:11     | Noticed a boulder beetle
 10454 | D:11     | Noticed a boulder beetle
 10494 | D:11     | Killed a boulder beetle
 10659 | D:11     | Reached XP level 12. HP: 46/118 MP: 11/11
 10840 | D:11     | Found a staircase to the Lair.
 10852 | D:11     | Reached skill level 15 in Fighting
 11114 | D:11     | Killed a boulder beetle
 11149 | D:11     | Killed a boulder beetle
 11369 | Lair:1   | Entered Level 1 of the Lair of Beasts
 11422 | Lair:1   | Reached skill level 15 in Axes
 11920 | Lair:1   | Reached skill level 5 in Throwing
 12590 | Lair:2   | Reached skill level 16 in Fighting
 13034 | Lair:2   | Found a staircase to the Snake Pit.
 13262 | Lair:2   | Noticed a seven-headed hydra
 13270 | Lair:2   | Killed a six-headed hydra
 13291 | Lair:2   | Found a staircase to the Swamp.
 13500 | Lair:2   | Reached XP level 13. HP: 77/130 MP: 12/12
 14797 | Lair:3   | Identified the +1 ring mail of Puvyoch {Rampage rElec SInv
                  | Stlth+}
 15389 | Lair:4   | Found a staircase to the Slime Pits.
 15427 | Lair:4   | Reached skill level 17 in Fighting
 15442 | Lair:4   | Reached skill level 1 in Evocations
 15638 | Lair:4   | Reached skill level 10 in Armour
 16148 | Lair:4   | Received a gift from Trog
 16831 | Lair:5   | Entered Level 5 of the Lair of Beasts
 17279 | Lair:5   | Reached skill level 18 in Fighting
 17377 | Lair:5   | Reached skill level 5 in Dodging
 17571 | Lair:5   | Reached XP level 14. HP: 141/143 MP: 13/13
 18281 | Lair:5   | HP: 7/144 [skyshark (10)]
 18289 | Lair:5   | HP: 7/144 [skyshark (5)]
 18298 | Lair:4   | Received a gift from Trog
 18569 | Lair:5   | Reached skill level 19 in Fighting
 18609 | Lair:5   | Reached skill level 5 in Evocations
 19882 | D:8      | Killed Psyche
 20297 | D:12     | Reached skill level 20 in Fighting
 20731 | D:12     | Found a staircase to the Orcish Mines.
 20739 | D:12     | Received a gift from Trog
 20770 | Orc:1    | Entered Level 1 of the Orcish Mines
 20781 | Orc:1    | Reached ****** piety under Trog
 20843 | Orc:1    | Paralysed by an orc sorcerer for 5 turns
 21650 | Orc:2    | Entered Level 2 of the Orcish Mines
 22055 | Orc:1    | HP: 7/148 [orc knight/+0 great mace (33)]
 22401 | Orc:2    | Noticed Azrael
 22474 | Orc:1    | Killed Azrael
 22710 | Orc:2    | Found a staircase to the Elven Halls.
 22778 | Orc:2    | Reached XP level 15. HP: 150/156 MP: 14/14
 22836 | Orc:2    | Noticed Josephine
 22849 | Orc:2    | Killed Josephine
 22849 | Orc:2    | Received a gift from Trog
 22988 | Orc:2    | Found Rayn's Armour Boutique.
 22988 | Orc:2    | Found Huurhiur's Distillery.
 22990 | Orc:2    | Found Diunufut's Distillery.
 22992 | Orc:2    | Found Avixkoo's Magic Scroll Shop.
 23004 | Orc:2    | Bought a scroll of acquirement for 936 gold pieces
 23005 | Orc:2    | Acquired a manual of Axes
 23016 | Orc:2    | Bought a scroll of teleportation for 54 gold pieces
 23021 | Orc:2    | Bought 2 potions of cancellation for 224 gold pieces
 23021 | Orc:2    | Bought 2 potions of heal wounds for 140 gold pieces
 23021 | Orc:2    | Bought a potion of invisibility for 112 gold pieces
 23500 | Snake:1  | Entered Level 1 of the Snake Pit
 23610 | Snake:1  | Found Duseafom's Magic Scroll Boutique.
 23622 | Snake:1  | Bought a scroll of teleportation for 57 gold pieces
 24273 | Snake:2  | Reached skill level 21 in Fighting
 25459 | Snake:3  | Noticed Aizul
 25490 | Snake:2  | Killed Aizul
 25686 | Snake:3  | Noticed a nagaraja
 25705 | Snake:3  | Killed a nagaraja
 25726 | Snake:3  | Reached skill level 22 in Fighting
 26566 | Snake:3  | Received a gift from Trog
 26644 | Snake:4  | Entered Level 4 of the Snake Pit
 26653 | Snake:4  | Reached XP level 16. HP: 166/170 MP: 15/15
 27012 | Snake:4  | Found Emouf's Antique Weapon Emporium.
 27027 | Snake:4  | Acquired the ring "Hocigeygih" {Fly rPois Dex-2 SInv}
 27294 | Snake:4  | Found Qomoahotz's Distillery.
 27296 | Snake:4  | Found Waoh's Magic Scroll Emporium.
 27299 | Snake:4  | Found Etid's Jewellery Shoppe.
 27324 | Snake:4  | Bought a potion of heal wounds for 80 gold pieces
 27324 | Snake:4  | Bought a potion of curing for 48 gold pieces
 27324 | Snake:4  | Bought a potion of heal wounds for 80 gold pieces
 27435 | Snake:4  | Reached skill level 23 in Fighting
 27456 | Snake:4  | Found Sistrykha's Tremendous Tomes.
 28410 | Snake:4  | Killed from afar by a shock serpent

Illustrated notes

Levels and vault maps discovered:
D:1:      ncdulo_watergridlock, layout_basic, serial_shops,
          nicolae_shop_window_shopping, hellmonk_ecumenical_altar_dog_temple,
          serial_forest, infiniplex_forest_straight_3, infiniplex_forest_end_2,
          infiniplex_forest_straight_5, infiniplex_forest_lined_2,
          infiniplex_forest_straight_2, infiniplex_forest_lined_3_way,
          infiniplex_forest_zigzag_2, infiniplex_forest_lined_4_way
D:2:      layout_loops_ring, serial_shops, shop
D:3:      layout_basic
D:4:      layout_basic, serial_demonic, serial_demonic_g, serial_demonic_d,
          serial_demonic_d, serial_demonic_d, serial_demonic_f,
          nicolae_grassy_gnolls
D:5:      layout_cave_pools, mainiacjoe_overflow_chevrons, uniq_sigmund
D:6:      wander_river, layout_cave_pools, minmay_temple_entry_waves,
          enter_ossuary_4, minmay_liquid_box, grunt_decor_fettered
D:7:      minmay_general_purpose_star, layout_basic,
          mainiacjoe_overflow_alcove_4, kennysheep_little_box, minivault_25,
          uniq_pikel
D:8:      layout_gridville, nicolae_shop_overcharged_wands, uniq_joseph,
          uniq_psyche
D:9:      layout_stronghold
D:10:     layout_loops_cross, kennysheep_dice
D:11:     layout_roguey [special_room_orc], minmay_lair_entry_grove,
          minmay_fractal_squares_gapless_7, uniq_nergalle, uniq_gastronok
D:12:     hellmonk_destroyed_diamonds, layout_irregular_city,
          minmay_orc_entry_guard_dogs
Lair:1:   layout_cave_pods
Lair:2:   layout_long_grid, swamp_mist, minmay_snake_entry_six_corridors,
          gauntlet_entry_generic, hibernation_bobbens
Lair:3:   layout_gridlike, chequers_serial_rivers_small_b,
          nicolae_quartered_pool_medium, minivault_26
Lair:4:   layout_cave_pods, nicolae_slime_entry_field_trip,
          kilobyte_rumbling_trees, serial_bayou_shore_a,
          infiniplex_staircase_pool, lemuel_fruit_tree, grunt_megastairs_4
Lair:5:   minmay_lair_end_enchanted_forest, layout_cave_pods,
          columned_hall_lemuel, lemuel_fruit_fields
Snake:1:  layout_gridlike, st_stairs_9, minmay_shop_grid_forest
Snake:2:  nicolae_snake_shooting_gallery, layout_misc_corridors, st_stairs_12
Snake:3:  layout_basic, uniq_aizul
Snake:4:  minmay_snake_end_coiled, layout_misc_corridors, serial_shops,
          nicolae_shop_scrapyard, nicolae_shop_i_like_big_books,
          minmay_shop_star
Orc:1:    layout_diamond_mine, gammafunk_ghost_berserking_beasts,
          hellmonk_guarded_unrand_dark_maul
Orc:2:    st_orc_rangers, layout_caves, uniq_josephine, uniq_azrael

Skill      XL: |  1  2  3  4  5  6  7  8  9 10 11 12 13 14 15 16 |
---------------+-------------------------------------------------+-----
Axes           | 4 5 6 8 9 12 14 16 17 21 22 | 22.7
Fighting       | 4 5 6 7 9 10 12 14 16 18 20 22 23 | 23.6
Dodging        | 3 5 6 |  6.0
Armour         | 3 4 5 7 8 9 10 11 | 11.0
Shields        | 3 5 7 |  7.0
Throwing       | 3 5 6 |  6.1
Evocations     | 3 6 |  6.1

Action                     |  1- 3 |  4- 6 |  7- 9 | 10-12 | 13-15 | 16-18 || total
---------------------------+-------+-------+-------+-------+-------+-------++-------
  Melee: Hand axe          |    99 |   106 |   342 |   792 |  1788 |   361 ||  3488
         Headbutt          |    15 |    19 |    66 |   231 |   522 |    86 ||   939
         Punch             |       |     2 |       |       |       |       ||     2
         Unarmed           |       |       |     8 |       |       |       ||     8
  Throw: Stone             |       |       |    11 |    12 |    25 |       ||    48
         Javelin           |       |       |       |     1 |     7 |       ||     8
         Throwing net      |       |       |       |     1 |       |       ||     1
         Dart              |       |       |       |       |     1 |     1 ||     2
 Invoke: Berserk           |       |     1 |     2 |     3 |     4 |     1 ||    11
         Brothers in Arms  |       |       |       |       |     2 |     1 ||     3
         Trog's Hand       |       |       |       |       |     1 |       ||     1
  Evoke: Wand              |       |       |       |     2 |    13 |     1 ||    16
    Use: Scroll            |       |     8 |    12 |     6 |    17 |     7 ||    50
         Potion            |       |       |     1 |     3 |     9 |     5 ||    18
   Stab: Sleeping          |     1 |       |       |       |       |       ||     1
         Distracted        |       |       |       |     2 |       |       ||     2
         Invisible         |       |       |       |       |     6 |       ||     6
 Armour: Animal skin       |    29 |     5 |       |       |       |       ||    34
         Ring mail         |       |    39 |    97 |       |       |       ||   136
         Scale mail        |       |       |    15 |    42 |    14 |       ||    71
         Plate armour      |       |       |       |   292 |   540 |       ||   832
         Chain mail        |       |       |       |       |   299 |   147 ||   446
  Dodge: Dodged            |    58 |    82 |   139 |   170 |   566 |   128 ||  1143
  Block: Kite shield       |       |       |   220 |   374 |  1142 |   197 ||  1933
         Reflection        |       |       |       |       |       |     6 ||     6
